 Dungeon Crawl Stone Soup version 0.24-a0-335-g06ca16a (webtiles) character file.

Game seed: 3184205822775706467

18 Azzok the Firebug (level 2, -2/15 HPs)
             Began as a Deep Elf Fire Elementalist on May 8, 2019.
             Killed by divine providence
             ... invoked by an orc priest
              (16 damage)
             ... on level 1 of the Dungeon on May 18, 2019.
             The game lasted 00:02:22 (1033 turns).

Azzok the Firebug (Deep Elf Fire Elementalist)      Turns: 1033, Time: 00:02:24

Health: -2/15      AC:  2    Str:  5    XL:     2   Next: 51%
Magic:  6/8        EV: 13    Int: 19    God:
Gold:   57         SH:  0    Dex: 15    Spells: 7/8 levels left

rFire    . . .     SeeInvis .   b - +3 dagger
rCold    . . .     Gourm    .   (no shield)
rNeg     . . .     Faith    .   a - +0 robe
rPois    .         Spirit   .   (no helmet)
rElec    .         Reflect  .   (no cloak)
rCorr    .         Harm     .   (no gloves)
MR       .....     Rnd*Tele +   (no boots)
Stlth    ++........             (no amulet)
HPRegen  0.05/turn              k - ring of teleportation (curse)
MPRegen  0.11/turn              (no ring)

@: very slightly contaminated
A: no striking features
a: no special abilities


You were on level 1 of the Dungeon.
You were not hungry.

You visited 1 branch of the dungeon, and saw 2 of its levels.

You collected 57 gold pieces.

Inventory:

Hand Weapons
 b - a +3 dagger (weapon)
Missiles
 g - a throwing net (quivered)
Armour
 a - a +0 robe (worn)
Jewellery
 k - a cursed ring of teleportation (left hand)
Scrolls
 f - a scroll of amnesia
 i - a scroll of teleportation
Potions
 d - 2 potions of brilliance {unknown}
 e - a potion of flight {unknown}
 h - a potion of experience {unknown}
 m - a potion of mutation {unknown}
 o - a potion of curing {unknown}
Comestibles
 c - 4 rations
 j - 3 chunks of flesh


   Skills:
 - Level 2.4 Dodging
 - Level 2.4 Stealth
 + Level 3.5 Spellcasting
 + Level 1.8 Conjurations
 + Level 3.6 Fire Magic


You had 7 spell levels left.
You knew the following spells:

 Your Spells              Type           Power        Failure   Level  Hunger
a - Flame Tongue          Conj/Fire      ##...        4%          1    None

Your spell library contained the following spells:

 Spells                   Type           Power        Failure   Level  Hunger
 Throw Flame              Conj/Fire      ##....       7%          2    ##.....
 Conjure Flame            Conj/Fire      ##......     14%         3    ###....
 Inner Flame              Hex/Fire       ##......     21%         3    ###....
 Sticky Flame             Conj/Fire      ##......     43%         4    ####...
 Fireball                 Conj/Fire      ##........   78%         5    ######.


Dungeon Overview and Level Annotations

Branches:
Dungeon (2/15)

Altars:


Message History

There is a stone staircase leading down here.
Casting: Flame Tongue (safe; 4% risk of failure)
Confirm with . or Enter, or press ? or * to list all spells.
Aiming: Flame Tongue (safe; 4% risk of failure)
Press: ? - help, Shift-Dir - straight line, f - orc priest
Aim: an orc priest You miscast Flame Tongue.
You are very lightly contaminated with residual magic.
Nothing appears to happen.
The orc priest hits you.
Casting: Flame Tongue (safe; 4% risk of failure)
Confirm with . or Enter, or press ? or * to list all spells.
Aiming: Flame Tongue (safe; 4% risk of failure)
Press: ? - help, Shift-Dir - straight line, f/p - orc priest
Aim: an orc priest The flame tongue hits the orc priest!
The orc priest is heavily wounded.
The orc priest invokes the aid of Beogh against you.
Beogh smites you!
Ouch! That really hurt!
You die...

·▒ ▒·▒▒··▒·▒·······▒▒·▒ ·▒
▒··▒··▒▒▒▒▒▒▒▒▒▒▒▒·▒
·▒▒▒▒▒▒▒▒▒▒▒▒·▒·········▒ ▒·▒
···········▒▒·····▒▒▒▒▒·▒ ▒·▒
·▒▒▒▒▒▒▒▒▒·▒▒▒····▒▒▒▒▒·▒▒▒▒▒·▒
▒····▒▒▒▒▒)▒ ▒················▒
▒····▒▒····▒ ▒····▒▒▒▒▒·▒▒▒▒▒▒▒
▒····▒▒·▒▒▒▒▒▒▒··o▒ ▒·▒
▒····'··········@·▒ ▒·▒
▒····▒▒·▒▒▒▒▒▒▒▒)·▒ ▒·▒
······▒·▒ ▒··▒ ▒·▒
▒·▒·▒▒▒·▒▒▒▒▒▒▒▒··▒ ▒·▒
··▒···············▒▒ ▒·▒
··▒▒▒▒▒·▒▒▒▒▒▒·····▒ ▒·▒
············▒▒·)···▒ ▒·▒
··▒▒▒▒▒▒▒▒▒▒▒▒·····▒ ▒·▒ ··▒
▒·····╬·····▒ ▒·▒


You could see an orc priest.

Vanquished Creatures
  A dart slug (D:1)
  A leopard gecko (D:1)
  2 orcs
  3 goblins
  A hobgoblin (D:1)
  A quokka (D:2)
  2 frilled lizards
  A kobold (D:1)
  A rat (D:1)
13 creatures vanquished.

Notes
Turn   | Place    | Note
-------+----------+-------------------------------------------
     0 | D:1      | Azzok the Deep Elf Fire Elementalist began the quest for
                  | the Orb.
     0 | D:1      | Reached XP level 1. HP: 10/10 MP: 6/6
   404 | D:1      | Reached XP level 2. HP: 15/15 MP: 4/8
  1023 | D:1      | Upgraded the game from 0.24-a0-290-gbb66a67 to
                  | 0.24-a0-335-g06ca16a
  1033 | D:1      | Killed from afar by an orc priest

Levels and vault maps discovered:
D:1:      wander_arrival_desolate, layout_basic, minmay_misc_feat_square
D:2:      layout_loops_cross, lightli_temple_of_fire, old_standard_altar,
          fedhas_altar_3, chequers_serial_rivers_marsh, minivault_4

Action                   || total
-------------------------++-------
 Cast: Flame Tongue      ||    26
  Use: Scroll            ||     5
Dodge: Dodged            ||     6

Table legend:
 A = Non-vault XP
 B = Vault XP
 C = Vault XP percentage of total XP
 D = Non-vault monster count
 E = Vault monster count
 F = Vault count percentage of total count
                 A         B        C        D         E       F
            +---------+---------+-------+---------+---------+-------
      Total |      27 |       0 |   0.0 |      13 |       0 |   0.0
            +---------+---------+-------+---------+---------+-------
        D:1 |      19 |       0 |   0.0 |       9 |       0 |   0.0
        D:2 |       8 |       0 |   0.0 |       4 |       0 |   0.0
            +---------+---------+-------+---------+---------+-------
